 Dungeon Crawl Stone Soup version 0.30-a0-719-gcc4359e (webtiles) character file.

Game seed: 15155863867979110047

226 Illumine the Slasher (level 5, -6/49 HPs)
             Began as an Armataur Cinder Acolyte on Jan 26, 2023.
             Was a High Priest of Ignis.
             Mangled by Crazy Yiuf
             ... wielding a +2 quarterstaff of chaos
              (10 damage)
             ... on level 4 of the Dungeon.
             The game lasted 00:03:39 (2929 turns).

Illumine the Slasher (Armataur Cinder Acolyte)      Turns: 2929, Time: 00:03:40

Health: -6/49      AC:  5    Str: 19    XL:     5   Next: 69%
Magic:  6/6        EV:  9    Int: 15    God:    Ignis [*****.]
Gold:   172        SH:  0    Dex: 13    Spells: 4/6 levels left

rFire   + . .      SeeInvis .    p - +1 dagger (elec)
rCold   . . .      Faith    .    (no shield)
rNeg    + . .      Spirit   .    b - +0 robe
rPois   .          Reflect  .    (no helmet)
rElec   .          Harm     .    r - +0 cloak
rCorr   .          Roll     +    (no gloves)
Will    .....                    (no barding)
Stlth   +                        (no amulet)
HPRegen 0.28/turn                k - +6 ring of dexterity
MPRegen 0.10/turn                q - ring of positive energy

@: no status effects
A: large, rugged brown scales 3, deformed body, armoured tail, roll, long
tongue, awkward tongue
a: Renounce Religion, Fiery Armour, Foxfire Swarm, Rising Flame


You were on level 4 of the Dungeon.
You worshipped Ignis.
Ignis was extremely pleased with you.
You visited 1 branch of the dungeon, and saw 4 of its levels.

You collected 172 gold pieces.

Inventory:

Hand Weapons
 a - a -1 falchion of flaming
 p - a +1 dagger of electrocution (weapon)
Armour
 b - a +0 robe (worn)
 r - a +0 cloak (worn)
Jewellery
 k - a +6 ring of dexterity (left hand)
 q - a ring of positive energy (right hand)
Scrolls
 d - 5 scrolls of teleportation
 e - a scroll of poison
 h - a scroll of fear
 o - a scroll of silence
 s - a scroll of magic mapping {unknown}
Potions
 c - 2 potions of curing
 f - 3 potions of haste
 g - a potion of cancellation {unknown}
 i - a potion of ambrosia {unknown}
 l - 4 potions of attraction {unknown}
 n - 2 potions of heal wounds
 t - a potion of might {unknown}


   Skills:
 + Level 3.8 Fighting
 + Level 1.2(2.9) Short Blades
 - Level 4.2(4.3) Long Blades
 + Level 3.1 Armour
 - Level 1.0 Spellcasting
 - Level 2.6 Fire Magic


You had 4 spell levels left.
You knew the following spells:

 Your Spells              Type           Power      Damage    Failure   Level
a - Scorch                Fire           16%        2d5       12%         2

Your spell library contained the following spells:

 Spells                   Type           Power      Damage    Failure   Level
 Chain Lightning          Conj/Air       0%         N/A       100%        9
 Fire Storm               Conj/Fire      2%         8d1       100%        9
 Shatter                  Erth           0%         3d5*      100%        9


Dungeon Overview and Level Annotations

Branches:
Dungeon (4/15)
 Temple: D:4-7

Altars:

Annotations:
D:4 Crazy Yiuf


Innate Abilities, Weirdness & Mutations

You are completely covered in rugged brown scales. (AC +3, +7% HP)
Armour fits poorly on your strangely shaped body.
You have a long armoured tail.
You roll when moving toward enemies. (Rampage)
Your long tongue fully drains potion bottles. (2x potion effects)
Your tongue gives you trouble enunciating. (1.5x scroll delay)


Message History

The endoplasm freezes you.
You are frozen.
The endoplasm barely misses you.
You see here a quokka corpse.
You hit the endoplasm but do no damage.
Lightning courses through the endoplasm!!
You kill the endoplasm!
You see here a quokka corpse.
There is an open door here.
Search for what [? for help]? door You open the door.
There is an open door here.
You open the door.
There is an open door here.
You see here 4 stones.
Crazy Yiuf waves his quarterstaff at you.
You open the door. You hit Crazy Yiuf but do no damage.
Lightning courses through Crazy Yiuf!
You tail-slap Crazy Yiuf, but do no damage.
Crazy Yiuf is heavily wounded.
You hit Crazy Yiuf but do no damage.
Crazy Yiuf is heavily wounded.
Crazy Yiuf hits you with a +2 quarterstaff of chaos.
Crazy Yiuf freezes you.
You hit Crazy Yiuf.
Crazy Yiuf is severely wounded.
Crazy Yiuf hits you with a +2 quarterstaff of chaos!
Crazy Yiuf burns you.
You closely miss Crazy Yiuf.
Your tail-slap misses Crazy Yiuf.
Crazy Yiuf is severely wounded.
Crazy Yiuf hits you but does no damage.
You barely miss Crazy Yiuf.
Crazy Yiuf is severely wounded.
Crazy Yiuf hits you with a +2 quarterstaff of chaos!
You are electrocuted!!
* * * LOW HITPOINT WARNING * * *
You hit Crazy Yiuf.
Crazy Yiuf is almost dead.
Crazy Yiuf hits you with a +2 quarterstaff of chaos!
You die...

#....####.##
##### ##..##
#..# #....
♣....♣ #..#
#.... ♣...♣♣
#..# #....
♣♣.♣♣
#..#####....
♣.♣♣
#........##'
♣♣.♣
#........#..
♣.♣♣
#........#..
♣♣@♣
#........##.
#g#
#.....######
...
#.....#..#..
#...#
#.....#..#..
#..)#
#.....#..##.
#####
#.....#..##.
#.....#.....
##.....#.....
#......#..###


You could see Crazy Yiuf.

Vanquished Creatures
  A hound (D:4)
  Natasha (twice) (D:3)
  3 gnolls (D:2)
  6 adders
  2 worms (D:2)
  3 dart slugs
  An orc (D:3)
  5 bats
  5 endoplasms
  5 giant cockroaches
  5 goblins
  3 hobgoblins
  4 kobolds
  2 quokkas
  6 ball pythons
  A frilled lizard (D:2)
  2 rats (D:2)
56 creatures vanquished.

Vanquished Creatures (others)
  A plant (D:4)
1 creature vanquished.

Grand Total: 57 creatures vanquished

Notes
Turn   | Place    | Note
-------+----------+-------------------------------------------
     0 | D:1      | Illumine the Armataur Cinder Acolyte began the quest for
                  | the Orb.
     0 | D:1      | Reached XP level 1. HP: 19/19 MP: 2/2
   226 | D:1      | Found a faded altar of an unknown god.
   236 | D:1      | Reached skill level 3 in Long Blades
   438 | D:1      | Reached XP level 2. HP: 11/26 MP: 3/3
  1079 | D:2      | Reached skill level 1 in Armour
  1079 | D:2      | Reached XP level 3. HP: 33/33 MP: 4/4
  1096 | D:2      | Reached XP level 4. HP: 24/40 MP: 5/5
  1573 | D:2      | Learned a level 2 spell: Scorch
  1768 | D:2      | Reached skill level 4 in Long Blades
  2084 | D:3      | Noticed Natasha
  2090 | D:3      | Killed Natasha
  2091 | D:3      | Reached XP level 5. HP: 34/48 MP: 6/6
  2171 | D:3      | Noticed Natasha
  2176 | D:3      | Killed Natasha
  2597 | D:4      | Reached skill level 1 in Short Blades
  2768 | D:4      | Found a runed translucent door.
  2769 | D:4      | Noticed Crazy Yiuf
  2929 | D:4      | Mangled by Crazy Yiuf

Illustrated notes

Levels and vault maps discovered:
D:1:      minmay_arrival_checkered_box, layout_basic,
          hellmonk_ecumenical_altar_blasted, minmay_quantized
D:2:      layout_basic, dk_noncrumbling_3
D:3:      wander_river, layout_loops_cross, uniq_natasha
D:4:      layout_gridville, mainiacjoe_overflow_surrounded_room,
          ashenzari_altar_1, mainiacjoe_overflow_alcove_3,
          uniq_crazy_yiuf_cottage

Skill      XL: |  1  2  3  4  5 |
---------------+----------------+-----
Long Blades    | 3 4 |  4.2
Fighting       | 3 |  3.8
Armour         | 1 2 3 |  3.1
Short Blades   | 1 |  1.2
Spellcasting   | |  1.0
Fire Magic     | |  2.6

Action                     |  1- 3 |  4- 6 || total
---------------------------+-------+-------++-------
  Melee: Falchion          |    81 |    52 ||   133
         Tailslap          |     9 |    15 ||    24
         Punch             |     1 |       ||     1
         Dagger            |       |    54 ||    54
    Use: Scroll            |     4 |     4 ||     8
   Stab: Sleeping          |     1 |       ||     1
 Armour: Robe              |    29 |    36 ||    65
  Dodge: Dodged            |    41 |    49 ||    90

Table legend: (Time is in decaauts)
 A = Elapsed time spent in this place.
 B = Non-inter-level travel time spent in this place.
 C = Inter-level travel time spent in this place.
 D = Time resting spent in this place.
 E = Time spent auto-exploring this place.
 F = Levels seen in this place.
 G = Mean time per level.
                   A        B        C        D        E       F      G
               +--------+--------+--------+--------+--------+-----+--------+
         Total |   2941 |   2770 |    171 |    128 |   2161 |   4 |  735.2 |
       Dungeon |   2941 |   2770 |    171 |    128 |   2161 |   4 |  735.2 |
               +--------+--------+--------+--------+--------+-----+--------+

Top non-repeatable levels by time:
     D:1: 987 daAuts
     D:2: 894 daAuts
     D:3: 698 daAuts
     D:4: 360 daAuts
